 Dungeon Crawl Stone Soup version 0.24.1 (webtiles) character file.

Game seed: 8881889689777498168, levelgen mode: deterministic

7789 Destapler the Covert (level 11, -6/108 HPs)
             Began as a Tengu Berserker on Mar 27, 2020.
             Was a High Priest of Trog.
             Impaled on a porcupine's spines (11 damage)
             ... on level 9 of the Dungeon.
             The game lasted 00:39:07 (7574 turns).

Destapler the Covert (Tengu Berserker)              Turns: 7574, Time: 00:39:08

Health: -6/108     AC:  6    Str: 25    XL:     11   Next: 20%
Magic:  16/16      EV: 16    Int:  7    God:    Trog [*****.]
Gold:   540        SH:  0    Dex: 15    Spells: 10/10 levels left

rFire    . . .     SeeInvis .   a - +4 short sword (speed)
rCold    . . .     Gourm    .   (no shield)
rNeg     . . .     Faith    .   G - +3 leather armour {MR+}
rPois    .         Spirit   .   (helmet restricted)
rElec    .         Reflect  .   (no cloak)
rCorr    +         Harm     .   (no gloves)
MR       +....                  (boots unavailable)
Stlth    ..........             (no amulet)
HPRegen  0.28/turn              d - +4 ring of slaying
MPRegen  0.15/turn              H - ring of resist corrosion

@: berserking, flying quickly and evasively, very quick
A: beak, talons 3, able to fly
a: Stop Flying, Berserk, Trog's Hand, Brothers in Arms, Renounce Religion


You were on level 9 of the Dungeon.
You worshipped Trog.
Trog was extremely pleased with you.
You were hungry.

You visited 1 branch of the dungeon, and saw 9 of its levels.

You collected 579 gold pieces.
You spent 39 gold pieces at shops.

Inventory:

Hand Weapons
 a - a +4 short sword of speed (weapon)
 b - a +0 whip of draining
 M - a +2 long sword of holy wrath
 Q - a +1 antimagic short sword
Missiles
 g - 274 stones
 k - 37 poisoned darts
 x - 10 boomerangs (quivered)
Armour
 G - a +3 leather armour of magic resistance (worn)
Jewellery
 d - a +4 ring of slaying (left hand)
 A - an uncursed ring of protection from cold
 H - a ring of resist corrosion (right hand)
Wands
 C - a wand of random effects (18)
 D - a wand of paralysis (9)
 E - a wand of polymorph (4)
 J - a wand of clouds (2)
 L - a wand of iceblast (8)
 P - a wand of digging (4)
Scrolls
 e - a scroll of holy word {unknown}
 f - 5 scrolls of remove curse
 h - 4 scrolls of identify
 o - 3 scrolls of blinking {unknown}
 r - 2 scrolls of magic mapping {unknown}
 u - 2 scrolls of amnesia {unknown}
 w - 2 scrolls of fear {unknown}
 y - 3 scrolls of teleportation {unknown}
 B - 3 scrolls of fog {unknown}
 K - a scroll of enchant armour {unknown}
 O - a scroll of enchant weapon {unknown}
Potions
 i - 2 potions of heal wounds {unknown}
 j - a potion of degeneration {unknown}
 l - 7 potions of curing {unknown}
 m - 3 potions of mutation {unknown}
 n - a potion of magic {unknown}
 p - a potion of resistance {unknown}
 q - a potion of brilliance {unknown}
 s - a potion of lignification {unknown}
 t - 2 potions of agility
 v - 3 potions of berserk rage {unknown}
 z - a potion of cancellation {unknown}
 I - a potion of might {unknown}
 N - a potion of haste {unknown}
Comestibles
 c - 16 rations


   Skills:
 + Level 9.9 Fighting
 + Level 8.9 Short Blades
 - Level 2.1 Armour
 - Level 3.1 Dodging
 + Level 11.3 Stealth
 - Level 5.3 Evocations


You had 10 spell levels left.
You didn't know any spells.
Your spell library contained the following spells:

 Spells                   Type           Power        Failure   Level  Hunger
 Corona                   Hex            #......      45%         1    ##.....
 Freeze                   Ice            #...         45%         1    ##.....
 Slow                     Hex            #.......     61%         2    ###....
 Throw Frost              Conj/Ice       #.....       61%         2    ###....
 Inner Flame              Hex/Fire       #.......     83%         3    ####...
 Ozocubu's Armour         Chrm/Ice       #.......     83%         3    ####...
 Portal Projectile        Hex/Tloc       #.....       83%         3    ####...
 Cause Fear               Hex            #.........   99%         4    #####..
 Leda's Liquefaction      Hex/Erth       #.........   99%         4    #####..
 Summon Ice Beast         Ice/Summ       #.......     99%         4    #####..
 Throw Icicle             Conj/Ice       #.......     99%         4    #####..


Dungeon Overview and Level Annotations

Branches:
Dungeon (9/15)             Temple (0/1) D:5
   Lair: D:8-11         Orc: D:9-12

Altars:
Kikubaaqudgha
Nemelex Xobeh
Okawaru
Qazlal
Sif Muna
Trog
Wu Jian
Xom
Yredelemnul

Shops:
D:9 ?


Innate Abilities, Weirdness & Mutations

You have a beak for a mouth.
You have claws for feet.
You can fly continuously.


Message History

A worker ant zombie comes into view.
The porcupine bites you!
* * * LOW HITPOINT WARNING * * *
You puncture the yak!
The yak is heavily wounded.
The yak gores you but does no damage.
You puncture the yak! You claw the yak.
You kill the yak!
Trog accepts your kill.
You are struck by the porcupine's spines.
* * * LOW HITPOINT WARNING * * *
You closely miss the porcupine. You closely miss the porcupine.
Your peck misses the porcupine. The porcupine barely misses you.
You are struck by the porcupine's spines.
* * * LOW HITPOINT WARNING * * *
You completely miss the porcupine. Your kick misses the porcupine.
Your peck misses the porcupine.
You are struck by the porcupine's spines.
You die...

##............... ...
..............### #..##
.................##.....
.##...........##.........
................#.......
..#.....#...##..#......###
.###............†........#
# #.........†..)..# ....
###.....#.......@.##.. .
.###....#......#†r#.##....
.#...#.......P.P.P........
.....#..###...............
........#P.P..P.PPPP.P..##
#........P..PPPP....P.P.PP
#.........P.PP..Z.PPPP..P.
...........P.....PPPP.P...
.........P.P.....PPP)P.P.P


You could see a porcupine and a worker ant zombie.

Vanquished Creatures
  Erolcha (D:9)
  Erica (D:9)
  An ugly thing (D:8)
  2 hippogriffs
  A spriggan (D:7)
  7 yaks
  Edmund (D:4)
  Duvessa (D:5)
  2 porcupines (D:9)
  3 black bears
  An orc warrior (D:7)
  A sky beast (D:9)
  2 phantoms
  A necrophage (D:9)
  An ice beast (D:9)
  4 ogres
  2 centaurs
  2 crocodiles
  5 bullfrogs
  A big kobold (D:8)
  Dowan (D:5)
  5 scorpions
  10 killer bees (D:8)
  9 wights
  2 howler monkeys (D:4)
  4 crimson imps
  7 hounds
  A centaur zombie (D:7)
  2 jellies
  2 orc priests
  2 orc wizards
  2 iguanas
  5 worker ants
  A hound zombie (D:5)
  A hound skeleton (D:8)
  A howler monkey skeleton (D:8)
  A howler monkey zombie (D:6)
  4 gnolls
  8 adders
  A shadow imp (D:6)
  An adder skeleton (D:8)
  A worm (D:2)
  3 dart slugs
  5 leopard geckos
  35 orcs
  6 giant cockroaches
  19 goblins
  8 hobgoblins
  29 jackals
  11 kobolds
  4 quokkas
  2 ball pythons
  9 bats
  5 frilled lizards
  2 gnoll zombies (D:7)
  2 leopard gecko skeletons (D:6)
  3 quokka zombies
  5 rats
259 creatures vanquished.

Vanquished Creatures (others)
  5 fungi (D:9)
  6 plants (D:9)
11 creatures vanquished.

Grand Total: 270 creatures vanquished

Notes
Turn   | Place    | Note
-------+----------+-------------------------------------------
     0 | D:1      | Destapler the Tengu Berserker began the quest for the Orb.
     0 | D:1      | Reached XP level 1. HP: 14/14 MP: 2/2
    97 | D:1      | Reached skill level 1 in Stealth
   160 | D:1      | Reached XP level 2. HP: 19/19 MP: 3/3
   164 | D:1      | Reached skill level 2 in Stealth
   388 | D:1      | Reached XP level 3. HP: 17/23 MP: 4/4
   500 | D:2      | Reached skill level 3 in Stealth
   504 | D:2      | Reached ** piety under Trog
   921 | D:2      | Reached XP level 4. HP: 28/28 MP: 5/5
  1005 | D:2      | Reached skill level 4 in Stealth
  1740 | D:3      | Reached skill level 5 in Stealth
  1740 | D:3      | Gained mutation: You can fly continuously. [Tengu growth]
  1740 | D:3      | Reached XP level 5. HP: 31/32 MP: 6/6
  1910 | D:4      | Noticed an ogre
  1919 | D:4      | Reached *** piety under Trog
  1923 | D:4      | Killed an ogre
  1923 | D:4      | Reached XP level 6. HP: 37/37 MP: 7/7
  2190 | D:4      | Reached skill level 6 in Stealth
  2196 | D:4      | Found a shimmering blue altar of Sif Muna.
  2199 | D:4      | Found an ancient bone altar of Kikubaaqudgha.
  2447 | D:4      | You fall into a shaft and drop 1 floor!
  2447 | D:5      | Entered Level 5 of the Dungeon
  2471 | D:5      | Reached XP level 7. HP: 44/44 MP: 8/8
  2593 | D:5      | Found a staircase to the Ecumenical Temple.
  2710 | D:4      | Noticed Edmund
  2718 | D:4      | Killed Edmund
  2719 | D:4      | You fall into a shaft and drop 3 floors!
  2732 | D:7      | Reached skill level 5 in Fighting
  2837 | D:6      | Reached skill level 7 in Stealth
  2971 | D:6      | Reached XP level 8. HP: 51/51 MP: 9/9
  3408 | D:5      | Noticed Dowan
  3415 | D:5      | Noticed Duvessa
  3424 | D:5      | Killed Duvessa
  3424 | D:5      | Reached skill level 8 in Stealth
  3427 | D:5      | Killed Dowan
  3472 | D:5      | Found a bloodstained altar of Trog.
  3505 | D:5      | Reached **** piety under Trog
  3595 | D:5      | Found a stormy altar of Qazlal.
  3597 | D:5      | Found a sparkling altar of Nemelex Xobeh.
  4264 | D:6      | Reached skill level 1 in Evocations
  4275 | D:6      | Found an ornate altar of the Wu Jian Council.
  4582 | D:6      | Found a bloodstained altar of Trog.
  4583 | D:6      | Found an iron altar of Okawaru.
  4833 | D:7      | Noticed a spriggan baker
  4835 | D:7      | Killed a spriggan baker
  4835 | D:7      | Reached XP level 9. HP: 56/56 MP: 10/12
  5014 | D:7      | Found a basalt altar of Yredelemnul.
  5516 | D:8      | Noticed a white ugly thing
  5831 | D:7      | Reached skill level 9 in Stealth
  6044 | D:8      | Reached skill level 5 in Short Blades
  6181 | D:8      | Killed a white ugly thing
  6181 | D:8      | Reached skill level 5 in Evocations
  6510 | D:8      | Reached XP level 10. HP: 53/64 MP: 15/15
  6689 | D:8      | Reached ***** piety under Trog
  6743 | D:8      | Found an ornate altar of the Wu Jian Council.
  6931 | D:8      | Found a shimmering altar of Xom.
  6938 | D:8      | Received a gift from Trog
  6963 | D:8      | Reached skill level 10 in Stealth
  7357 | D:9      | Found Nankuyng's Magic Scroll Emporium.
  7369 | D:9      | Noticed Erica
  7372 | D:9      | Bought a scroll of noise for 13 gold pieces
  7372 | D:9      | Bought a scroll of identify for 26 gold pieces
  7392 | D:9      | Killed Erica
  7410 | D:9      | Noticed Erolcha
  7423 | D:9      | Killed Erolcha
  7423 | D:9      | Reached skill level 11 in Stealth
  7423 | D:9      | Reached XP level 11. HP: 32/71 MP: 16/16
  7573 | D:9      | HP: 5/108 [porcupine's spines (10)]
  7574 | D:9      | Impaled on a porcupine's spines

Levels and vault maps discovered:
D:1:      minmay_arrival_arboretum_small, layout_rooms
D:2:      layout_loops_ring
D:3:      layout_rooms, first_ration
D:4:      layout_loops_ring, gammafunk_temple_overflow_statue,
          minmay_ogre_servants, uniq_edmund
D:5:      layout_layer_cave, chequers_temple_overflow_statue_of_worship,
          temple_statues, basic_altar, hangedman_abyss_or_decor_stagger,
          uniq_duvessa
D:6:      layout_loops_ring, grunt_temple_overflow_bloody_war,
          overflow_temple_1_default
D:7:      layout_loops_corners, lemuel_zombie_altar_yredelemnul, the_bakery
D:8:      layout_rooms, tgw_xom, basic_altar
D:9:      layout_cave_pools, due_lair_maze_entry_diamond, serial_shops, shop,
          uniq_erolcha, uniq_erica

Skill      XL: |  1  2  3  4  5  6  7  8  9 10 |
---------------+-------------------------------+-----
Stealth        | 1 2 3 5 6 7 8 9 11 | 11.3
Dodging        | 3 |  3.1
Fighting       | 4 5 6 7 9 |  9.9
Evocations     | 3 5 |  5.3
Short Blades   | 4 6 8 |  8.9
Armour         | |  2.1

Action                   |  1- 3 |  4- 6 |  7- 9 | 10-12 || total
-------------------------+-------+-------+-------+-------++-------
Melee: Whip              |    45 |   109 |    73 |       ||   227
       Peck              |     3 |    13 |    41 |    26 ||    83
       Short sword       |     2 |       |   139 |   139 ||   280
       Kick              |    13 |    20 |    67 |    45 ||   145
Throw: Dart              |       |     6 |     6 |       ||    12
       Boomerang         |       |       |       |     8 ||     8
Invok: Berserk           |     4 |     3 |     7 |     5 ||    19
       Trog's Hand       |       |       |     2 |     2 ||     4
 Abil: Fly               |       |       |     1 |       ||     1
Evoke: Wand              |       |       |       |     2 ||     2
  Use: Scroll            |       |       |     1 |       ||     1
 Stab: Sleeping          |     3 |     7 |    19 |     2 ||    31
       Distracted        |       |       |       |     2 ||     2
  Eat: Chunk             |     4 |     7 |    20 |     8 ||    39
Armor: Animal skin       |     9 |     1 |       |       ||    10
       Leather armour    |       |    25 |    39 |    21 ||    85
Dodge: Dodged            |    29 |    74 |   127 |    67 ||   297
